 Dungeon Crawl Stone Soup version 0.31.0-32-g396128a36d (webtiles) character file.

Game seed: 5924888195514376615

169 Consumeair16 the Thaumaturge (level 5, -4/41 HPs)
             Began as a Gnoll Wanderer on Apr 12, 2024.
             Splashed by Natasha the jelly's acid (7 damage)
             ... on level 3 of the Dungeon.
             The game lasted 00:03:31 (1748 turns).

Consumeair16 the Thaumaturge (Gnoll Wanderer)       Turns: 1748, Time: 00:03:32

Health: -4/41      AC:  0    Str: 10    XL:     5   Next: 50%
Magic:  18/18      EV: 12    Int: 11    God:
Gold:   142        SH:  0    Dex: 15    Spells: 25/26 levels left

rFire   . . .        e - +2 dagger (venom)
rCold   . . .        (no shield)
rNeg    . . .        c - +0 robe
rPois   .            j - +0 helmet
rElec   .            (no cloak)
rCorr   .            (no gloves)
SInv    .            (no boots)
Will    .....        (no amulet)
Stlth   ++           (no ring)
HPRegen 0.26/turn    (no ring)
MPRegen 0.16/turn

%: no passive effects
@: corroded, slowed, very slow
A: fangs 1, strong nose, distributed training
a: no special abilities


You were on level 3 of the Dungeon.
You visited 1 branch of the dungeon, and saw 3 of its levels.

You collected 142 gold pieces.

Inventory:

Hand Weapons
 a - a +0 dagger
 e - a +2 dagger of venom (weapon)
 g - a +3 club
Armour
 c - a +0 robe (worn)
 f - a +0 kite shield
 j - a +0 helmet (worn)
Wands
 d - a wand of polymorph (5)
Scrolls
 q - a scroll of teleportation
Potions
 b - 4 potions of curing
 i - 2 potions of attraction
 k - a potion of enlightenment {unknown}
 l - a potion of heal wounds {unknown}
 m - a potion of cancellation {unknown}
 n - a potion of might {unknown}


   Skills:
 + Level 3.0 Fighting
 + Level 1.6 Short Blades
 + Level 1.6 Long Blades
 + Level 1.6 Axes
 + Level 1.6 Maces & Flails
 + Level 1.6 Polearms
 + Level 1.6 Staves
 + Level 1.6 Ranged Weapons
 + Level 1.6 Throwing
 + Level 1.6 Armour
 + Level 1.6 Dodging
 + Level 1.6 Stealth
 + Level 1.6 Shields
 + Level 1.6 Unarmed Combat
 + Level 11.4 Spellcasting
 + Level 2.4 Conjurations
 + Level 1.2 Hexes
 + Level 1.2 Summonings
 + Level 1.2 Necromancy
 + Level 1.2 Translocations
 + Level 1.2 Fire Magic
 + Level 1.2 Ice Magic
 + Level 1.2 Air Magic
 + Level 1.2 Earth Magic
 + Level 1.2 Alchemy
 + Level 1.8 Invocations
 + Level 4.8 Evocations
 + Level 1.4 Shapeshifting


You had 25 spell levels left.
You knew the following spells:

 Your Spells              Type           Power      Damage    Failure   Level
a - Kiss of Death         Conj/Necr      40%        2d8       5%          1

Your spell library contained the following spells:

 Spells                   Type           Power      Damage    Failure   Level
 Slow                     Hex            36%        N/A       7%          1
 Blink                    Tloc           18%        N/A       10%         2
 Call Imp                 Summ           18%        N/A       10%         2
 Scorch                   Fire           18%        2d5       10%         2
 Sublimation of Blood     Necr           9%         N/A       10%         2
 Hailstorm                Conj/Ice       10%        3d6       16%         3
 Confusing Touch          Hex            9%         N/A       21%         3
 Sigil of Binding         Hex            9%         N/A       21%         3
 Teleport Other           Tloc           9%         N/A       21%         3
 Vampiric Draining        Necr           9%         2d6       21%         3
 Summon Hydra             Summ           4%         N/A       100%        7


Dungeon Overview and Level Annotations

Branches:
Dungeon (3/15)

Altars:

Shops:
D:1 *

Annotations:
D:3 Natasha


Innate Abilities, Weirdness & Mutations

You have very sharp teeth.
Your uncanny sense of smell can sniff out nearby items.
Your experience applies equally to all skills.


Message History

You hit the orc.
The orc is poisoned.
Your bite misses the orc.
The orc is moderately wounded.
The orc hits you with a +0 trident.
You hit the orc.
The orc looks as sick as possible!
The orc is severely wounded.
The orc completely misses you.
The orc hits you from afar with a +0 trident.
Things that are here:
a +0 short sword; an orc corpse You kill the orc!
You pick up a book of Blood and begin reading...
You add the spells Call Imp, Sublimation of Blood and Summon Hydra to your library.
You start resting.
Natasha, Servant of Life and Death comes into view.
She is carrying a wand of flame.
There are no items here.
Natasha hisses angrily.
Natasha zaps a wand.
The puff of flame hits you!
Things that are here:
a +0 short sword; an orc corpse Natasha casts a spell at you.
You feel yourself slow down.
Natasha zaps a wand.
The puff of flame misses you.
Natasha stares at you and mumbles some strange words.
You feel as though you will be slow longer.
Natasha zaps a wand.
The puff of flame hits you!
* * * LOW HITPOINT WARNING * * *
Aiming: Polymorph
Press: ? - help, Q - select action, (/) - cycle Shift-Dir - straight line, f - Natasha
Aim: Natasha, carrying a wand of flame (will become a jelly, a giant cockroach, or a quokka, chance to affect: 61%) Natasha evaporates and reforms as a jelly!
Unknown command.
Natasha attacks as it pursues you! Natasha hits you but does no damage.
You hit Natasha.
Your hands burn!
* * * LOW HITPOINT WARNING * * *
You bite Natasha.
Natasha is lightly wounded.
Natasha hits you.
* * * LOW HITPOINT WARNING * * *
The acid corrodes you!
You are splashed with acid!
You die...

,,*.....#.*#............#**##.#.#
,,*.....#.##............#####...#
,,*............................>.
,,*.....#.##........##########...
,,*........../......#............
,,*.........####.#.##.#######....
***####.....# #.#.##.#,,,,,#....
#.....)†)####J#.##.#..,#,#.... *
#....h.).####@#.##.###.#,#.... *
#........####.#.##.#...#,#.... *
#...##h######'#.##.#...#.#.... *
#...*#.#............<....#....
***#..,,..#..........########....
,,,.,,,...#......................
,,,,*,....#..........#########...
,,,,*...∆,#....).................
,,,,*****,#.....†.....########...


You could see Natasha the jelly.

Vanquished Creatures
  Jessica (D:2)
  Terence (D:2)
  Natasha (D:3)
  2 adders (D:3)
  2 dart slugs
  2 ribbon worms (D:2)
  4 orcs (D:3)
  2 ball pythons
  4 endoplasms
  3 giant cockroaches
  9 goblins
  6 hobgoblins
  2 jackals (D:1)
  5 quokkas
  3 bats
  2 frilled lizards
  7 kobolds
  4 rats
60 creatures vanquished.

Notes
Turn   | Place    | Note
-------+----------+-------------------------------------------
     0 | D:1      | Reached skill level 11 in Spellcasting
     0 | D:1      | Consumeair16 the Gnoll Wanderer began the quest for the
                  | Orb.
     0 | D:1      | Consumeair16 set off with the following items: a +0 dagger,
                  | a potion of curing, a +0 robe, a wand of polymorph (7); and
                  | the following spell memorised: Kiss of Death; and the
                  | following spells available to memorise: Blink, Scorch,
                  | Hailstorm, Teleport Other.
     0 | D:1      | Reached XP level 1. HP: 17/17 MP: 12/12
    16 | D:1      | Found Ydomm's General Store.
   145 | D:1      | Reached XP level 2. HP: 13/22 MP: 14/14
   480 | D:2      | Reached XP level 3. HP: 28/28 MP: 15/15
   505 | D:2      | Noticed Jessica
   512 | D:2      | Killed Jessica
   513 | D:2      | Reached skill level 1 in Short Blades
   513 | D:2      | Reached skill level 1 in Long Blades
   513 | D:2      | Reached skill level 1 in Axes
   513 | D:2      | Reached skill level 1 in Maces & Flails
   513 | D:2      | Reached skill level 1 in Polearms
   513 | D:2      | Reached skill level 1 in Staves
   513 | D:2      | Reached skill level 1 in Ranged Weapons
   513 | D:2      | Reached skill level 1 in Throwing
   513 | D:2      | Reached skill level 1 in Armour
   513 | D:2      | Reached skill level 1 in Dodging
   513 | D:2      | Reached skill level 1 in Stealth
   513 | D:2      | Reached skill level 1 in Shields
   513 | D:2      | Reached skill level 1 in Unarmed Combat
   513 | D:2      | Reached skill level 1 in Invocations
   663 | D:2      | Noticed Robin
   669 | D:2      | Reached skill level 1 in Shapeshifting
   669 | D:2      | Reached XP level 4. HP: 33/34 MP: 17/17
   669 | D:2      | Robin changed into Robin the ribbon worm
   669 | D:2      | Noticed Robin
   678 | D:2      | Killed Robin the ribbon worm
   839 | D:2      | Reached skill level 1 in Hexes
   839 | D:2      | Reached skill level 1 in Summonings
   839 | D:2      | Reached skill level 1 in Necromancy
   839 | D:2      | Reached skill level 1 in Translocations
   839 | D:2      | Reached skill level 1 in Fire Magic
   839 | D:2      | Reached skill level 1 in Ice Magic
   839 | D:2      | Reached skill level 1 in Air Magic
   839 | D:2      | Reached skill level 1 in Earth Magic
   839 | D:2      | Reached skill level 1 in Alchemy
   868 | D:2      | Noticed Terence
   879 | D:2      | Killed Terence
  1328 | D:3      | Reached XP level 5. HP: 28/40 MP: 18/18
  1573 | D:3      | Noticed Natasha
  1584 | D:3      | Killed Natasha
  1733 | D:3      | Noticed Natasha
  1744 | D:3      | Natasha changed into Natasha the jelly
  1744 | D:3      | Noticed Natasha
  1748 | D:3      | Splashed by Natasha the jelly's acid

Illustrated notes

Levels and vault maps discovered:
D:1:      mushboom_english_gardens, layout_basic, serial_shops, shop
D:2:      layout_rooms, uniq_robin, uniq_jessica, uniq_terence
D:3:      layout_basic, serial_shops, nicolae_shop_just_a_little_nook,
          uniq_natasha

Skill      XL: |  1  2  3  4  5 |
---------------+----------------+-----
Spellcasting   | | 11.4
Conjurations   | 2 |  2.4
Short Blades   | 1 |  1.6
Long Blades    | 1 |  1.6
Axes           | 1 |  1.6
Maces & Flails | 1 |  1.6
Polearms       | 1 |  1.6
Staves         | 1 |  1.6
Ranged Weapons | 1 |  1.6
Throwing       | 1 |  1.6
Armour         | 1 |  1.6
Dodging        | 1 |  1.6
Stealth        | 1 |  1.6
Shields        | 1 |  1.6
Unarmed Combat | 1 |  1.6
Invocations    | 1 |  1.8
Shapeshifting  | 1 |  1.4
Hexes          | 1 |  1.2
Summonings     | 1 |  1.2
Necromancy     | 1 |  1.2
Translocations | 1 |  1.2
Fire Magic     | 1 |  1.2
Ice Magic      | 1 |  1.2
Air Magic      | 1 |  1.2
Earth Magic    | 1 |  1.2
Alchemy        | 1 |  1.2
Fighting       | 3 |  3.0
Evocations     | |  4.8

Action                     |  1- 3 |  4- 6 || total
---------------------------+-------+-------++-------
  Melee: Dagger            |    67 |   108 ||   175
         Bite              |     8 |     9 ||    17
         Punch             |     2 |       ||     2
   Cast: Kiss of Death     |     1 |       ||     1
  Evoke: Wand              |       |     2 ||     2
    Use: Scroll            |     1 |     7 ||     8
   Stab: Sleeping          |     2 |     2 ||     4
 Armour: Robe              |    27 |    65 ||    92
  Dodge: Dodged            |    36 |    65 ||   101
